 Dungeon Crawl Stone Soup version 0.26-a0-689-gc93c913f66 (webtiles) character file.

Game seed: 15602937382283136243

59 DogServant the Poker (level 3, 0/29 HPs)
             Began as a Draconian Warper on Oct 23, 2020.
             Slain by an adder (1 damage)
             ... on level 2 of the Dungeon.
             The game lasted 00:02:12 (1427 turns).

DogServant the Poker (Draconian Warper)             Turns: 1427, Time: 00:02:13

Health: 0/29       AC:  6    Str: 14    XL:     3   Next: 78%
Magic:  7/7        EV: 12    Int: 13    God:
Gold:   66         SH:  0    Dex: 10    Spells: 8/8 levels left

rFire    + . .     SeeInvis .   a - +0 spear
rCold    x . .     Faith    .   (no shield)
rNeg     . . .     Spirit   .   (armour unavailable)
rPois    .         Reflect  .   (helmet restricted)
rElec    .         Harm     .   (no cloak)
rCorr    .         Rampage  .   n - +0 pair of gloves
MR       .....                  (no boots)
Stlth    +.........             (no amulet)
HPRegen  0.09/turn              g - ring of fire
MPRegen  0.10/turn              (no ring)

@: lethally poisoned (0 -> -3), about to teleport, stab, very slightly
contaminated, hasted, invisible, very quick
A: unfitting armour, cold-blooded, AC +5
a: no special abilities


You were on level 2 of the Dungeon.
You visited 1 branch of the dungeon, and saw 2 of its levels.

You collected 66 gold pieces.

Inventory:

Hand Weapons
 a - a +0 spear (weapon)
Missiles
 l - 7 poisoned darts (quivered)
Armour
 n - a +0 pair of gloves (worn)
Jewellery
 g - a ring of fire (left hand)
Scrolls
 c - a scroll of blinking
 j - 2 scrolls of identify
 k - a scroll of fear
 m - 4 scrolls of remove curse {unknown}
 o - 2 scrolls of noise {unknown}
Potions
 f - a potion of haste


   Skills:
 - Level 2.1 Fighting
 + Level 3.2 Polearms
 - Level 0.8 Throwing
 - Level 2.1 Dodging
 + Level 3.1 Spellcasting
   Level 3.0 Translocations


You had 8 spell levels left.
You didn't know any spells.
Your spell library contained the following spells:

 Spells                   Type           Power        Failure   Level
 Blink                    Tloc           N/A          10%         2
 Gell's Gravitas          Tloc           #.........   21%         3
 Lesser Beckoning         Tloc           #.........   21%         3
 Teleport Other           Tloc           #.......     21%         3
 Passage of Golubria      Tloc           N/A          54%         4


Dungeon Overview and Level Annotations

Branches:
Dungeon (2/15)

Altars:


Innate Abilities, Weirdness & Mutations

Your plain brown scales are hard. (AC +5)
You cannot fit into any form of body armour.
You are cold-blooded and may be slowed by cold attacks.


Message History

* * * LOW HITPOINT WARNING * * *
It was a potion of invisibility.
You fade into invisibility!
The adder closely misses you.
You are very lightly contaminated with residual magic.
* * * LOW HITPOINT WARNING * * *
You feel sick.
As you read the scroll labeled YPTAHA JAIGHO, it crumbles to dust.
You feel strangely unstable.
It was a scroll of teleportation.
The adder bites you but does no damage.
Okay, then.
As you read the scroll labeled TUTSIA WOYBRYR, it crumbles to dust.
The creatures around you are filled with an inner flame!
It was a scroll of immolation.
The adder barely misses you.
As you read the scroll labeled MOCIBE JAAMAG, it crumbles to dust.
It is a scroll of identify.
k - a scroll of fear
* * * LOW HITPOINT WARNING * * *
You feel sick. The adder bites you.
You die...

#.# #.# #.#
#.##########
######
#.##.......#
.....#
#.##.#####.#
.###.# #.##.# #.#
.# #.#
#..#.#####(# .#
#.# ##(...KS@..#
.#
#.#####.#.#######
.###.........#
[..........#.#
..#######..#.#
..# #..#.# ###
#..#.# # #..#.# #
#...)#


You could see an adder (inner flame) and a kobold (inner flame).

Vanquished Creatures
  A gnoll (D:1)
  An adder (D:2)
  An ooze (D:1)
  2 dart slugs
  2 leopard geckos (D:1)
  7 bats (D:1)
  2 goblins (D:1)
  2 hobgoblins (D:1)
  3 jackals (D:1)
  3 kobolds (D:1)
  A quokka (D:2)
  A ball python (D:1)
  A frilled lizard (D:1)
  3 rats (D:1)
30 creatures vanquished.

Notes
Turn   | Place    | Note
-------+----------+-------------------------------------------
     0 | D:1      | DogServant the Draconian Warper began the quest for the
                  | Orb.
     0 | D:1      | Reached XP level 1. HP: 17/17 MP: 3/3
   104 | D:1      | Reached XP level 2. HP: 17/24 MP: 5/5
   596 | D:1      | Reached XP level 3. HP: 18/29 MP: 7/7
  1423 | D:2      | HP: 1/29 [poisoned by an adder]
  1427 | D:2      | Slain by an adder

Illustrated notes

Levels and vault maps discovered:
D:1:      kennysheep_arrival_forest, layout_loops_cross, minmay_domino_2
D:2:      layout_loops_ring, nicolae_ru_sacrificial_ziggurat, uniq_robin

Skill      XL: |  1  2  3 |
---------------+----------+-----
Polearms       | 3 |  3.2
Spellcasting   | 3 |  3.1
Fighting       | |  2.1
Throwing       | |  0.8
Dodging        | |  2.1
Translocations | |  3.0

Action                   || total
-------------------------++-------
Melee: Spear             ||   153
       Tailslap          ||    10
Throw: Boomerang         ||     5
  Use: Scroll            ||     3
       Potion            ||     3
 Stab: Sleeping          ||     1
Armor: Skin              ||    44
Dodge: Dodged            ||    92

Table legend: (Time is in decaauts)
 A = Elapsed time spent in this place.
 B = Non-inter-level travel time spent in this place.
 C = Inter-level travel time spent in this place.
 D = Time resting spent in this place.
 E = Time spent auto-exploring this place.
 F = Levels seen in this place.
 G = Mean time per level.
                   A        B        C        D        E       F      G
               +--------+--------+--------+--------+--------+-----+--------+
         Total |   1420 |   1393 |     27 |      0 |   1130 |   2 |  710.0 |
       Dungeon |   1420 |   1393 |     27 |      0 |   1130 |   2 |  710.0 |
               +--------+--------+--------+--------+--------+-----+--------+

Top non-repeatable levels by time:
     D:1: 1232 daAuts
     D:2: 188 daAuts
